 Dungeon Crawl Stone Soup version 0.28.0-47-ge53b351184 (webtiles) character file.

Game seed: 16581135231266220848

60 nickcage the Gusty (level 3, -7/19 HPs)
             Began as a Deep Elf Air Elementalist on May 10, 2022.
             Killed from afar by Natasha (8 damage)
             ... with a magic dart
             ... on level 2 of the Dungeon.
             The game lasted 00:03:39 (1515 turns).

nickcage the Gusty (Deep Elf Air Elementalist)      Turns: 1515, Time: 00:03:40

Health: -7/19      AC:  4    Str:  5    XL:     3   Next: 80%
Magic:  2/9        EV: 12    Int: 21    God:
Gold:   62         SH:  0    Dex: 15    Spells: 2/8 levels left

rFire   . . .      SeeInvis .   f - +0 short sword (speed)
rCold   . . .      Faith    .   (no shield)
rNeg    . . .      Spirit   .   a - +0 robe
rPois   .          Reflect  .   (no helmet)
rElec   .          Harm     .   (no cloak)
rCorr   .          Rampage  .   e - +0 pair of gloves
Will    .....                   h - +0 pair of boots
Stlth   ++........              (no amulet)
HPRegen 0.06/turn               b - ring of flight
MPRegen 0.11/turn               (no ring)

@: flying, slowed, very slow
A: no striking features
a: no special abilities


You were on level 2 of the Dungeon.
You visited 1 branch of the dungeon, and saw 2 of its levels.

You collected 62 gold pieces.

Inventory:

Hand Weapons
 d - a +0 dagger
 f - a +0 short sword of speed (weapon)
Armour
 a - a +0 robe (worn)
 e - a +0 pair of gloves (worn)
 h - a +0 pair of boots (worn)
Jewellery
 b - a ring of flight (left hand)
Scrolls
 g - a scroll of holy word {unknown}
Potions
 c - 3 potions of curing {unknown}


   Skills:
 - Level 2.4 Dodging
 - Level 2.4 Stealth
 + Level 3.2 Spellcasting
 - Level 1.1 Conjurations
 * Level 4.7 Air Magic


You had 2 spell levels left.
You knew the following spells:

 Your Spells              Type           Power      Damage    Failure   Level
a - Shock                 Conj/Air       60%        1d6       4%          1
b - Static Discharge      Conj/Air       15%        N/A       6%          2
c - Swiftness             Air            23%        N/A       5%          3

Your spell library contained the following spells:

 Spells                   Type           Power      Damage    Failure   Level
 Airstrike                Air            11%        N/A       19%         4


Dungeon Overview and Level Annotations

Branches:
Dungeon (2/15)

Altars:

Annotations:
D:2 Natasha


Message History

Natasha is lightly wounded.
Natasha hisses angrily.
The zap misses Natasha.
The zap hits Natasha.
Natasha is moderately wounded.
You are too depleted to draw on your mana recklessly!
Natasha closely misses you.
You hit Natasha but do no damage.
Natasha is moderately wounded.
Natasha claws you!
The zap hits Natasha.
Natasha is severely wounded.
Natasha mumbles some strange words.
You completely miss Natasha.
Natasha is severely wounded.
Natasha claws you.
You hit Natasha.
Natasha is almost dead.
You hit Natasha but do no damage.
Natasha is almost dead.
Natasha claws you.
You closely miss Natasha.
Natasha is almost dead.
Natasha claws you.
You hit Natasha.
You kill Natasha!
Natasha growls in agony!
You start resting.
Natasha, Servant of Life and Death comes into view.
Natasha casts a spell at you. The magic dart hits you.
* * * LOW HITPOINT WARNING * * *
Natasha stares at you and mumbles some strange words.
You feel yourself slow down.
Casting: Shock (safe; 4% risk of failure)
Confirm with . or Enter, or press ? or * to list all spells.
You don't have enough magic to cast this spell.
Natasha casts a spell at you. The magic dart hits you!
You die...

######...##.#
...............# ..#
#####...#### #.#
##.## #.# #.# #.# #.#
#.# #.#
##########.########.#
..........h.....@...#
######†###.##########
..†h...# #.# ≈⌠.≈≈≈.#
#.# .....≈.# #.#
####.h.# #.# ..≈..
..# ##...# ### ..≈.#


You could see Natasha.

Vanquished Creatures
  Natasha (D:2)
  2 dart slugs
  3 endoplasms (D:1)
  3 goblins (D:1)
  2 hobgoblins (D:1)
  2 quokkas (D:1)
  6 ball pythons
  7 bats
  4 frilled lizards (D:1)
  A kobold (D:1)
  3 rats (D:1)
34 creatures vanquished.

Vanquished Creatures (others)
  A fungus (D:2)
1 creature vanquished.

Grand Total: 35 creatures vanquished

Notes
Turn   | Place    | Note
-------+----------+-------------------------------------------
     0 | D:1      | nickcage the Deep Elf Air Elementalist began the quest for
                  | the Orb.
     0 | D:1      | Reached XP level 1. HP: 10/10 MP: 6/6
   300 | D:1      | Reached XP level 2. HP: 15/15 MP: 6/8
   303 | D:1      | Learned a level 2 spell: Static Discharge
   517 | D:1      | Reached skill level 4 in Air Magic
   953 | D:1      | Reached XP level 3. HP: 19/19 MP: 7/9
   957 | D:1      | Learned a level 3 spell: Swiftness
  1485 | D:2      | Noticed Natasha
  1502 | D:2      | Killed Natasha
  1505 | D:2      | Noticed Natasha
  1515 | D:2      | Killed from afar by Natasha

Illustrated notes

Levels and vault maps discovered:
D:1:      sevenhm_arrival_forest_fort_large_4, layout_basic,
          kennysheep_minor_cross, minmay_misc_feat_hallway
D:2:      layout_loops_ring, shapermc_ecumenical_altar_acropolis,
          grunt_decor_junction, minmay_pentomino_pile, uniq_natasha

Skill      XL: |  1  2 |
---------------+-------+-----
Air Magic      | 4 |  4.7
Dodging        | |  2.4
Stealth        | |  2.4
Spellcasting   | |  3.2
Conjurations   | |  1.1

Action                   || total
-------------------------++-------
Melee: Short sword       ||     6
 Cast: Shock             ||    74
Dodge: Dodged            ||     5
